 Dungeon Crawl Stone Soup version 0.31.0 (webtiles) character file.

Game seed: 13998136679106327853

94 Sweeb the Insei (level 4, -3/19 HPs)
             Began as an Octopode Shapeshifter on Jan 20, 2024.
             Incinerated by a bombardier beetle (4 damage)
             ... with a burning spray
             ... on level 3 of the Dungeon.
             The game lasted 00:03:52 (2016 turns).

Sweeb the Insei (Octopode Shapeshifter)             Turns: 2016, Time: 00:03:53

Health: -3/19      AC:  2    Str: 13    XL:     4   Next: 63%
Magic:  4/4        EV: 17    Int: 12    God:
Gold:   133        SH:  0    Dex: 13    Spells: 3/3 levels left

rFire   . .          .
                       - Unarmed
rCold   . . .        (shield currently unavailable)
rNeg    . . .        p - +1 hat
rPois   .            (no amulet)
rElec   .            (no ring)
rCorr   .            (no ring)
SInv    .            (no ring)
Will    .....        (no ring)
Stlth   +            (no ring)
HPRegen 0.23/turn    (no ring)
MPRegen 0.09/turn    (no ring)
                     (no ring)

%: no passive effects
@: on fire, flux-form, glowing
A: glow, contaminating, reduced hp, almost no armour, amphibious, 8 rings,
camouflage 1, gelatinous body 1, (nimble swimmer 1), tentacles
a: Begin Untransformation


You were on level 3 of the Dungeon.
You were something dangerously unstable.
You visited 1 branch of the dungeon, and saw 3 of its levels.

You collected 133 gold pieces.

Inventory:

Armour
 p - a +1 hat (worn)
Jewellery
 k - an amulet of reflection
Talismans
 b - a beast talisman
 c - a flux talisman (active)
Scrolls
 e - 4 scrolls of identify
 h - a scroll of blinking {unknown}
 j - a scroll of teleportation {unknown}
 o - a scroll of revelation {unknown}
Potions
 a - 2 potions of lignification
 d - a potion of curing
 f - a potion of degeneration {unknown}
 g - 2 potions of enlightenment {unknown}
 i - a potion of might {unknown}
 l - a potion of brilliance {unknown}
 m - a potion of ambrosia {unknown}
 n - 2 potions of haste {unknown}
 q - a potion of heal wounds {unknown}


   Skills:
 + Level 1.8 Fighting
 + Level 2.5 Dodging
 * Level 3.9 Unarmed Combat
 * Level 3.7 Shapeshifting


You had 3 spell levels left.
You didn't know any spells.
Your spell library contained the following spells:

 Spells                   Type           Power      Damage    Failure   Level
 Ensorcelled Hibernation  Hex/Ice        0%         N/A       45%         2
 Sublimation of Blood     Necr           0%         N/A       45%         2
 Fugue of the Fallen      Necr           0%         N/A       69%         3
 Anguish                  Hex/Necr       0%         N/A       97%         4
 Petrify                  Alch/Erth      0%         N/A       97%         4
 Irradiate                Conj/Alch      0%         3d11      100%        5


Dungeon Overview and Level Annotations

Branches:
Dungeon (3/15)

Altars:
Hepliaklqana


Innate Abilities, Weirdness & Mutations

You are something dangerously unstable.
You glow with magical radiation, making you easy to see and hit.
Foes you strike become dangerously contaminated with magical radiation.
Your maximum health is decreased, since you lack skill for your form.
You are incapable of wielding weapons or throwing items.
You cannot wear most types of armour.
You are amphibious.
You can wear up to eight rings at the same time.
Your skin changes colour to match your surroundings (Stealth+).
Your rubbery body absorbs attacks. (AC +1, EV +1)
((You are camouflaged when in or above water. (Stealth+)))
You have tentacles for arms and can constrict up to eight enemies at once.


Message History

There is a stone staircase leading up here.
A bombardier beetle comes into view.
A bombardier beetle is nearby!
A bombardier beetle is nearby!
A goblin comes into view. It is wielding a +0 dagger of venom.
The bombardier beetle sprays incendiary fluid at you.
The burning spray hits you.
You are covered in liquid fire!
A giant cockroach comes into view.
Found a scroll labelled XIVIPN ZUMAI.
You shake off some of the fire as you move.
The liquid fire burns you!
A hobgoblin comes into view.
You shake off the liquid fire.
The bombardier beetle sprays incendiary fluid at you.
The burning spray hits you.
You are covered in liquid fire!
The goblin barely misses you.
You tentacle-slap the goblin.
The goblin begins to glow.
You grab the goblin.
The goblin is heavily wounded.
The liquid fire burns you!
You constrict the goblin.
You kill the goblin!
You are too injured to fight recklessly!
You shake off some of the fire as you move.
The liquid fire burns you!
* * * LOW HITPOINT WARNING * * *
Unknown command.
You shake off some of the fire as you move.
The liquid fire burns you!
* * * LOW HITPOINT WARNING * * *
The bombardier beetle sprays incendiary fluid at you.
The burning spray hits you.
You are even more covered in liquid fire!
You tentacle-slap the bombardier beetle.
The bombardier beetle begins to glow.
You grab the bombardier beetle. You squeeze the bombardier beetle.
The bombardier beetle is moderately wounded.
The liquid fire burns you!
You die...

#. ....... #. #.......#
#.##....g..# #..........#
### #..........# ..#
#..........# ##.#
######..B)......# ....
.?....B.p.......# .#.#
######....#...#
.#.############....#.. #
...............).......
...............?.......
##<###.....############..
#..........# .
...........# #..........#


You could see a bombardier beetle (contam), a giant cockroach and a hobgoblin.

Vanquished Creatures
  Jessica (D:2)
  An adder (D:2)
  A ribbon worm (D:2)
  2 dart slugs (D:1)
  4 ball pythons (D:1)
  6 bats
  2 endoplasms (D:1)
  3 giant cockroaches
  4 goblins
  5 hobgoblins
  3 jackals (D:2)
  2 quokkas (D:1)
  4 frilled lizards
  5 kobolds
  7 rats
50 creatures vanquished.

Notes
Turn   | Place    | Note
-------+----------+-------------------------------------------
     0 | D:1      | Sweeb the Octopode Shapeshifter began the quest for the
                  | Orb.
     0 | D:1      | Reached XP level 1. HP: 13/13 MP: 1/1
    63 | D:1      | Found a faded altar of an unknown god.
   145 | D:1      | Reached XP level 2. HP: 10/18 MP: 2/2
   478 | D:1      | Reached XP level 3. HP: 21/23 MP: 3/3
  1301 | D:2      | Reached XP level 4. HP: 28/28 MP: 4/4
  1654 | D:2      | Noticed Jessica
  1663 | D:2      | Killed Jessica
  1990 | D:3      | Found a hazy altar of Hepliaklqana.
  2016 | D:3      | Incinerated by a bombardier beetle

Illustrated notes

Levels and vault maps discovered:
D:1:      dpeg_arrival_radiant, layout_loops_corners, basic_ecumenical_altar
D:2:      layout_loops_ring, kennysheep_small_spiral, uniq_jessica
D:3:      minmay_angry_zag, layout_basic, mainiacjoe_overflow_tiny_flanked,
          serial_bayou_pond_c, kennysheep_pointless_box

Action                     |  1- 3 |  4- 6 || total
---------------------------+-------+-------++-------
  Melee: Unarmed           |    77 |    21 ||    98
         Tentacles         |    15 |     5 ||    20
         Constrict         |    21 |     8 ||    29
         Punch             |     2 |       ||     2
    Use: Scroll            |     1 |       ||     1
   Stab: Sleeping          |     6 |       ||     6
 Armour: Skin              |    33 |     6 ||    39
  Dodge: Dodged            |    54 |    15 ||    69
   Form: Beast             |     1 |       ||     1
                           |       |     1 ||     1
         Flux              |       |     1 ||     1
